Map: Dusty Gorge

Players

Kilnerdyne

  • Race: Protoss Protoss
  • Spawn Location: 11:00

tetitaslaggi

  • Race: Terran Terran
  • League: Gold
  • Spawn Location: 9:00

Tombombadil - Winner!

  • Race: Terran Terran
  • Spawn Location: 3:00

ILIEKEGGPIE - Winner!

  • Race: Protoss Protoss
  • League: Platinum
  • Spawn Location: 5:00

VOD

Have the link to the VOD?

Description

Time

  • Played on: May 21, 2018, 6:58 p.m.
  • Length: 7:41
Show
View Real Time Build Order
Export as new Build Order

Kilnerdyne Protoss 

Build Orders:  

Get SALT Encoding   

  12  0:00  Probe  
  13  0:15  Pylon  
  13  0:16  Probe  
  14  0:24  Probe  
  15  0:33  Probe  
  15  0:40  Gateway  
  16  0:48  Assimilator  
  16  0:51  Probe  
  17  0:59  Probe  
  18  1:07  Probe  
  19  1:27  Pylon  
  19  1:28  Cybernetics Core  
  19  1:29  Zealot  
  21  1:37  Assimilator  
  21  1:39  Probe  
  22  1:44  Warp Gate  
  22  1:51  Probe  
  23  2:03  Probe  
  23  2:05  Stalker  
  26  2:29  Nexus  
  26  2:36  Sentry  
  28  2:38  Pylon  
  28  2:43  Robotics Facility  
  28  3:02  Stalker  
  30  3:06  Probe  
  31  3:27  Immortal  
  35  3:47  Stalker  
  37  3:54  Pylon  
  33  4:11  Gateway  
  33  4:14  Gateway  
  33  4:16  Gateway  
  33  4:18  Gateway  
  33  4:25  Stalker  
  35  4:33  Immortal  
  35  5:10  Immortal  
  31  5:21  Probe  
  31  5:22  Probe  
  31  5:25  Stalker  
  31  5:26  Stalker x2  
  39  5:29  Sentry x2  
  39  5:59  Zealot x4  
  47  6:05  Pylon  
  47  6:09  Pylon  
  47  6:34  Stalker x3  
Show
View Real Time Build Order
Export as new Build Order

tetitaslaggi Terran 

Build Orders:  

Get SALT Encoding   

  12  0:01  SCV  
  13  0:15  Supply Depot  
  13  0:18  SCV  
  14  0:31  SCV  
  15  0:42  Barracks  
  15  0:45  SCV  
  15  0:48  Refinery  
  16  0:58  SCV  
  17  1:12  SCV  
  18  1:24  SCV  
  19  1:37  SCV  
  20  1:40  Command Center  
  20  1:46  Supply Depot  
  20  1:49  SCV  
  21  1:56  Refinery  
  21  2:07  Factory  
  21  2:25  Barracks Reactor  
  21  2:37  SCV  
  22  3:16  Orbital Command  
  22  3:19  Supply Depot  
  22  3:24  Cyclone  
  25  3:27  Cyclone  
  25  3:30  Marine  
  29  3:47  Factory  
  28  4:05  Refinery  
  25  4:22  Marine  
  22  5:36  Orbital Command  
  22  6:02  SCV  
  22  6:03  Refinery  
  23  6:07  Refinery  
  23  6:08  SCV  
  24  6:13  Supply Depot x2  
  24  6:14  Supply Depot, SCV  
  24  6:16  Factory Tech Lab, Factory Reactor  
  24  6:18  Barracks Reactor  
  25  6:20  SCV  
  26  6:26  SCV  
  27  6:37  Barracks  
  27  6:54  Marine  
  27  6:55  Marine  
  27  6:57  Hellion x2  
  27  6:59  Siege Tank  
  36  7:06  SCV  
  37  7:12  Marine  
  37  7:13  Marine  
  37  7:30  Barracks Reactor  
  37  7:32  Barracks Tech Lab  
Show
View Real Time Build Order
Export as new Build Order

Tombombadil Terran - Winner!

Build Orders:  

Get SALT Encoding   

  12  0:02  SCV  
  13  0:15  SCV  
  13  0:20  Supply Depot  
  14  0:28  SCV  
  15  0:31  Refinery  
  15  0:37  Refinery  
  15  0:44  SCV  
  16  0:53  Barracks  
  16  0:58  SCV  
  17  1:10  SCV  
  18  1:22  SCV  
  19  1:34  SCV  
  20  1:43  Factory  
  20  1:46  Factory  
  20  1:48  SCV  
  20  1:53  Barracks Tech Lab  
  21  2:00  SCV  
  22  2:10  Supply Depot  
  22  2:16  SCV  
  22  2:22  Barracks Tech Lab  
  23  2:35  Siege Tank  
  26  2:39  Orbital Command  
  26  2:54  Siege Tank  
  29  3:02  Supply Depot  
  29  3:10  Siege Tank  
  32  3:27  Siege Tank  
  35  3:51  Siege Tank  
  35  4:23  Siege Tank  
  35  4:44  Siege Tank  
  38  5:21  Siege Tank  
  38  5:24  Command Center  
  38  5:25  Siege Tank  
  44  5:29  Command Center  
  44  5:32  Command Center  
  44  5:57  Siege Tank  
  47  6:01  Engineering Bay  
  47  6:11  Supply Depot  
  47  6:32  SCV  
  48  6:39  Starport  
  48  6:43  Refinery  
  48  6:44  SCV x2  
  50  6:47  SCV  
  50  6:48  Refinery  
  50  6:51  SCV  
  52  6:56  SCV  
  52  6:59  Refinery, SCV  
  54  7:03  SCV  
  54  7:05  SCV  
  56  7:08  SCV  
  56  7:09  Refinery  
  56  7:11  SCV  
  56  7:15  Refinery, SCV  
  59  7:17  SCV  
  59  7:20  SCV  
  61  7:23  SCV  
Show
View Real Time Build Order
Export as new Build Order

ILIEKEGGPIE Protoss - Winner!

Build Orders:  

Get SALT Encoding   

  12  0:00  Probe  
  13  0:13  Probe  
  14  0:21  Pylon  
  14  0:25  Probe  
  15  0:39  Probe  
  16  0:44  Gateway  
  16  0:51  Probe  
  16  0:52  Assimilator  
  17  1:03  Probe  
  18  1:06  Assimilator  
  18  1:13  Pylon  
  18  1:20  Probe  
  19  1:30  Probe  
  19  1:32  Cybernetics Core  
  19  1:38  Probe  
  20  1:45  Gateway  
  21  1:55  Probe  
  21  1:59  Warp Gate  
  22  2:07  Probe  
  23  2:17  Pylon  
  23  2:21  Stalker  
  25  2:24  Stalker  
  27  2:37  Shield Battery  
  27  2:53  Stalker  
  28  3:07  Stalker  
  30  3:40  Stalker  
  32  3:50  Pylon  
  24  4:21  Shield Battery  
  24  4:26  Stalker  
  24  4:27  Stalker  
  28  4:34  Gateway  
  28  4:59  Stalker x2  
  32  5:03  Stargate  
  32  5:14  Shield Battery  
  32  5:22  Pylon  
  32  5:23  Pylon  
  32  5:36  Stalker x3, Forge  
  32  5:41  Void Ray  
  42  5:58  Probe  
  42  6:01  Robotics Facility  
  43  6:10  Void Ray  
  43  6:17  Photon Cannon  
  47  6:57  Stalker x3  
Tags
 
Add a new tag
Caveats
  • Supply blocks, unpowered buildings, or Contaminate may cause inaccurate times.
  • Supply counts are checked every 10 seconds.